 Dungeon Crawl Stone Soup version 0.31-a0-662-g684573625c (webtiles) character file.

Game seed: 1682865646484576837

1520 Ge0ff the Cutter (level 8, -4/49 HPs)
             Began as a Deep Elf Warper on Sept 1, 2023.
             Slain by a hornet (6 damage)
             ... while paralysed by a hornet
             ... on level 6 of the Dungeon.
             The game lasted 00:17:11 (5815 turns).

Ge0ff the Cutter (Deep Elf Warper)                  Turns: 5815, Time: 00:17:12

Health: -4/49      AC:  5    Str: 14    XL:     8   Next: 54%
Magic:  15/15      EV:  2    Int: 21    God:
Gold:   127        SH:  0    Dex: 14    Spells: 7/14 levels left

rFire   . . .        b - +0 dagger (venom)
rCold   . . .        (no shield)
rNeg    . . .        M - +0 leather armour
rPois   .            Z - +1 helmet
rElec   .            (no cloak)
rCorr   .            (no gloves)
SInv    .            (no boots)
Will    .....        W - amulet of reflection
Stlth   +            Q - +6 ring of strength
HPRegen 0.28/turn    H - ring of flight
MPRegen 0.14/turn

%: reflection
@: paralysed, lethally poisoned (-4 -> -14), flying, slowed, invisible
A: no striking features
a: no special abilities


You were on level 6 of the Dungeon.
You visited 1 branch of the dungeon, and saw 6 of its levels.

You collected 285 gold pieces.
You spent 158 gold pieces at shops.

Inventory:

Hand Weapons
 a - a +3 short sword of draining
 b - a +0 dagger of venom (weapon)
 w - a +3 dagger of freezing
 C - a +3 long sword
Missiles
 d - 4 darts of dispersal
 g - 2 throwing nets {=F}
 E - 8 stones (quivered)
 J - 9 poisoned darts
 Y - a boomerang
Armour
 M - a +0 leather armour (worn)
 R - a +0 pair of gloves
 Z - a +1 helmet (worn)
Magical Staves
 z - a staff of air
 L - a staff of fire
Jewellery
 G - a ring of fire
 H - a ring of flight (right hand)
 K - a ring of ice
 Q - a +6 ring of strength (left hand)
 S - a ring of magical power
 W - an amulet of reflection (around neck)
Wands
 f - a wand of flame (1)
Scrolls
 A - 3 scrolls of noise
 B - a scroll of blinking
 F - a scroll of fog
 T - 6 scrolls of teleportation
 V - a scroll of vulnerability
Potions
 q - 5 potions of curing
 D - a potion of might {unknown}
 N - a potion of heal wounds {unknown}
 O - a potion of lignification {unknown}
 P - a potion of resistance {unknown}
 U - a potion of ambrosia {unknown}
 X - 2 potions of mutation {unknown}


   Skills:
 - Level 5.0 Fighting
 + Level 6.5 Short Blades
 - Level 1.0 Throwing
 - Level 2.0 Armour
 - Level 3.0 Dodging
 - Level 1.0 Stealth
 + Level 3.8 Spellcasting
 * Level 2.5 Conjurations
 - Level 3.2 Translocations
 * Level 2.6 Ice Magic
 * Level 2.3 Air Magic
 - Level 3.0 Evocations


You had 7 spell levels left.
You knew the following spells:

 Your Spells              Type           Power      Damage    Failure   Level
s - Freezing Cloud        Conj/Ice/Air   7%         6-21      83%         5
B - Blink                 Tloc           34%        N/A       6%          2

Your spell library contained the following spells:

 Spells                   Type           Power      Damage    Failure   Level
 Lesser Beckoning         Tloc           34%        N/A       6%          2
 Teleport Other           Tloc           17%        N/A       12%         3
 Cigotuvi's Dreadful Rot  Necr/Pois/Air  14%        N/A       17%         2
 Manifold Assault         Tloc           17%        N/A       36%         4
 Ignite Poison            Fire/Tmut/Pois 4%         N/A       41%         3
 Vhi's Electric Charge    Tloc/Air       30%        N/A       43%         4
 Dispel Undead            Necr           4%         3d7       83%         4
 Summon Mana Viper        Hex/Summ       4%         N/A       99%         5
 Dispersal                Tloc           8%         N/A       99%         6
 Death Channel            Necr           2%         N/A       100%        6
 Dragon's Call            Summ           2%         N/A       100%        9


Dungeon Overview and Level Annotations

Branches:
Dungeon (6/15) Zot: 26541
 Temple: D:4-7

Altars:
Fedhas
Kikubaaqudgha
Okawaru
Zin

Shops:
D:4 (!?[


Message History

You hit the orc. You punch the orc, but do no damage.
The orc is severely wounded.
The orc closely misses you.
You hit the orc.
You kill the orc!
You flicker for a moment.
Items here: )) [[.
Okay, then.
Items here: )) [ ††††.
Okay, then.
You flicker back into view.
HP restored.
Items here: )) [[.
You now have 113 gold pieces (gained 16).
You now have 127 gold pieces (gained 14).
E - 8 stones (gained 4)
T - 6 scrolls of teleportation (gained 1) Key pressed, stopping explore.
Unknown command.
Found a stone staircase leading down.
A - 3 scrolls of noise (gained 1)
An iguana comes into view.
A hornet comes into view.
Okay, then.
Okay, then.
You fade into invisibility!
The hornet barely misses you.
You hit the hornet but do no damage. You block the hornet's attack.
You hit the hornet but do no damage. The hornet stings you!
You are poisoned.
You feel yourself slow down. The hornet closely misses you.
Your +0 dagger of venom begins to drip with poison!
b - a +0 dagger of venom (weapon)
You feel very sick. The hornet misses you.
You miss the hornet.
You feel sick. The hornet stings you!
You suddenly lose the ability to move!
You feel yourself speed up.
You feel sick. The hornet stings you!
You feel yourself slow down. The hornet stings you!
* * * LOW HITPOINT WARNING * * *
You are lethally poisoned!
You feel as though you will be slow longer.
* * * LOW HITPOINT WARNING * * *
You feel very sick. The iguana bites you.
* * * LOW HITPOINT WARNING * * *
The hornet stings you.
You die...

########### #.......#.#
#.#####.#.##### #...#
#.#>....###########
###.###.#@..............#
#...#.#yl...###########
###.#.......# #.###.....#
#.# #.....# #.# #.....#
#.# ##....# #.#
#...........
##.########.......


You could see a hornet (unable to see you) and an iguana (unable to see you).

Vanquished Creatures
  Pikel (D:6)
  Prince Ribbit (D:5)
  An ice beast (D:5)
  A black bear (D:5)
  A phantom (D:5)
  2 lemures (D:5)
  A scorpion (D:5)
  4 wights (D:5)
  2 orc priests (D:4)
  2 jellies (D:5)
  2 iguanas
  An orc wizard (D:4)
  4 gnolls
  4 adders
  5 worms
  15 orcs
  5 endoplasms
  4 giant cockroaches
  3 goblins
  6 hobgoblins
  2 jackals (D:3)
  6 quokkas
  6 ball pythons
  5 bats
  9 frilled lizards
  5 kobolds
  7 rats
105 creatures vanquished.

Vanquished Creatures (others)
  An orc (D:5)
1 creature vanquished.

Grand Total: 106 creatures vanquished

Notes
Turn   | Place    | Note
-------+----------+-------------------------------------------
     0 | D:1      | Ge0ff the Deep Elf Warper began the quest for the Orb.
     0 | D:1      | Reached XP level 1. HP: 12/12 MP: 6/6
   233 | D:1      | Reached XP level 2. HP: 16/16 MP: 8/8
   415 | D:1      | Reached skill level 3 in Short Blades
   911 | D:2      | Reached XP level 3. HP: 20/20 MP: 9/9
  1059 | D:2      | Found an ancient bone altar of Kikubaaqudgha.
  1333 | D:2      | Reached skill level 4 in Short Blades
  1856 | D:3      | Reached XP level 4. HP: 22/26 MP: 10/10
  2559 | D:4      | Reached skill level 1 in Armour
  2559 | D:4      | Reached XP level 5. HP: 13/31 MP: 11/11
  2713 | D:4      | Found Qoiqa's Distillery.
  2729 | D:4      | Bought a potion of invisibility for 88 gold pieces
  2867 | D:4      | Found a glowing silver altar of Zin.
  2950 | D:4      | Found Bacliu's Magic Scroll Shop.
  2969 | D:4      | Bought a scroll of poison for 40 gold pieces
  2969 | D:4      | Bought a scroll of identify for 20 gold pieces
  2969 | D:4      | Bought a scroll of noise for 10 gold pieces
  3050 | D:4      | Found Firaes's Weapon Emporium.
  3174 | D:4      | Reached skill level 1 in Evocations
  3206 | D:4      | Found Kejyhubb's Armour Emporium.
  3371 | D:4      | Found a blossoming altar of Fedhas.
  3422 | D:5      | Entered Level 5 of the Dungeon
  3523 | D:5      | Noticed an ice beast
  3528 | D:5      | Killed an ice beast
  3529 | D:5      | Reached skill level 5 in Short Blades
  3529 | D:5      | Reached XP level 6. HP: 37/37 MP: 12/12
  3648 | D:5      | Reached skill level 1 in Stealth
  3813 | D:5      | Got Sif Muna's Incunable of Geometry and Apparitions
  3817 | D:5      | Learned a level 2 spell: Blink
  4129 | D:5      | Noticed Prince Ribbit
  4136 | D:5      | Killed Prince Ribbit
  4137 | D:5      | Reached XP level 7. HP: 37/44 MP: 13/13
  4949 | D:5      | Reached skill level 6 in Short Blades
  5324 | D:5      | Learned a level 5 spell: Freezing Cloud
  5341 | D:6      | Found an iron altar of Okawaru.
  5374 | D:5      | Reached XP level 8. HP: 38/48 MP: 14/14
  5485 | D:6      | Noticed Pikel
  5641 | D:6      | Killed Pikel
  5642 | D:6      | Reached skill level 5 in Fighting
  5802 | D:6      | Noticed a hornet
  5813 | D:6      | Paralysed by a hornet for 3 turns
  5815 | D:6      | HP: 2/49 [iguana (3)]
  5815 | D:6      | Slain by a hornet

Illustrated notes

Levels and vault maps discovered:
D:1:      amcnicky_arrival_double_pillar, layout_basic, st_stairs_2
D:2:      layout_basic, basic_altar, minmay_pentomino_x4
D:3:      layout_loops_cross
D:4:      layout_gridville, lemuel_crystal_altar, fedhas_altar_4, serial_shops,
          nicolae_shop_peninsula, nicolae_shop_industrial_runoff, shop, shop
D:5:      layout_loops_ring, uniq_prince_ribbit1
D:6:      layout_basic, mainiacjoe_overflow_24_doors, okawaru_ov_weapons_minmay,
          minmay_temple_entry_antechambers, uniq_pikel

Skill      XL: |  1  2  3  4  5  6  7  8 |
---------------+-------------------------+-----
Short Blades   | 3 4 5 6 |  6.5
Fighting       | 2 3 4 5 |  5.0
Armour         | 1 2 |  2.0
Evocations     | 3 |  3.0
Stealth        | 1 |  1.0
Dodging        | 3 |  3.0
Conjurations   | 2 |  2.5
Ice Magic      | 2 |  2.6
Air Magic      | 2 |  2.3
Throwing       | |  1.0
Spellcasting   | |  3.8
Translocations | |  3.2

Action                     |  1- 3 |  4- 6 |  7- 9 || total
---------------------------+-------+-------+-------++-------
  Melee: Short sword       |   210 |   136 |   105 ||   451
         Punch             |     1 |       |     1 ||     2
         Dagger            |       |     3 |     1 ||     4
  Throw: Dart              |     3 |       |       ||     3
         Stone             |       |    16 |     3 ||    19
   Cast: Blink             |       |     1 |       ||     1
  Evoke: Wand              |       |     6 |    12 ||    18
    Use: Scroll            |     4 |     4 |       ||     8
         Potion            |     2 |     1 |     2 ||     5
   Stab: Sleeping          |       |     1 |       ||     1
         Invisible         |       |       |     6 ||     6
 Armour: Leather armour    |    74 |    39 |    38 ||   151
  Dodge: Dodged            |    80 |    44 |    51 ||   175
  Block: Other             |       |    14 |    25 ||    39
         Reflection        |       |     2 |       ||     2

Table legend: (Time is in decaauts)
 A = Elapsed time spent in this place.
 B = Non-inter-level travel time spent in this place.
 C = Inter-level travel time spent in this place.
 D = Time resting spent in this place.
 E = Time spent auto-exploring this place.
 F = Levels seen in this place.
 G = Mean time per level.
                   A        B        C        D        E       F      G
               +--------+--------+--------+--------+--------+-----+--------+
         Total |   5702 |   5322 |    380 |     91 |   3936 |   6 |  950.3 |
       Dungeon |   5702 |   5322 |    380 |     91 |   3936 |   6 |  950.3 |
               +--------+--------+--------+--------+--------+-----+--------+

Top non-repeatable levels by time:
     D:5: 1956 daAuts
     D:4: 1062 daAuts
     D:2: 892 daAuts
     D:1: 838 daAuts
     D:3: 725 daAuts
     D:6: 227 daAuts
